 Dungeon Crawl Stone Soup version 0.27-a0-1140-g099f9bb0e8 (webtiles) character file.

Game seed: 15782777806528241860

105 reriks the Firebug (level 4, 0/27 HPs)
             Began as an Octopode Fire Elementalist on May 8, 2021.
             Slain by a bullfrog (5 damage)
             ... on level 3 of the Dungeon.
             The game lasted 00:05:18 (6083 turns).

reriks the Firebug (Octopode Fire Elementalist)     Turns: 6083, Time: 00:05:19

Health: 0/27       AC:  1    Str:  7    XL:     4   Next: 81%
Magic:  3/8        EV: 13    Int: 18    God:
Gold:   101        SH:  0    Dex: 12    Spells: 7/8 levels left

rFire    . . .     SeeInvis .   g - +0 quarterstaff
rCold    . . .     Faith    .   (shield currently unavailable)
rNeg     . . .     Spirit   .   (helmet restricted)
rPois    .         Reflect  .   (no amulet)
rElec    .         Harm     .   (no ring)
rCorr    .         Rampage  .   (no ring)
Will     .....                  (no ring)
Stlth    +++.......             (no ring)
HPRegen  0.09/turn              (no ring)
MPRegen  0.11/turn              (no ring)
                                (no ring)
                                (no ring)

@: no status effects
A: almost no armour, amphibious, 8 rings, camouflage 1, gelatinous body 1,
(nimble swimmer 1), tentacles
a: no special abilities


You were on level 3 of the Dungeon.
You visited 1 branch of the dungeon, and saw 3 of its levels.

You collected 101 gold pieces.

Inventory:

Hand Weapons
 e - a +0 hand axe
 g - a +0 quarterstaff (weapon)
Missiles
 j - a throwing net
Armour
 k - a +0 tower shield
Jewellery
 i - an amulet of regeneration
Scrolls
 a - a scroll of blinking {unknown}
 b - 2 scrolls of teleportation {unknown}
 c - a scroll of magic mapping {unknown}
 d - 3 scrolls of brand weapon {unknown}
 h - 2 scrolls of fog {unknown}
 m - a scroll of noise {unknown}
Potions
 f - a potion of brilliance {unknown}
 l - a potion of curing {unknown}


   Skills:
 + Level 2.6 Dodging
 - Level 3.0 Stealth
 * Level 2.9 Spellcasting
 * Level 2.3 Conjurations
 * Level 3.7 Fire Magic


You had 7 spell levels left.
You knew the following spells:

 Your Spells              Type           Power      Damage    Failure   Level
a - Foxfire               Conj/Fire      52%        2x1d6     4%          1

Your spell library contained the following spells:

 Spells                   Type           Power      Damage    Failure   Level
 Conjure Flame            Conj/Fire      13%        6-21      14%         3
 Inner Flame              Hex/Fire       9%         N/A       22%         3
 Sticky Flame             Conj/Fire      13%        2d4       43%         4
 Fireball                 Conj/Fire      6%         3d5       78%         5


Dungeon Overview and Level Annotations

Branches:
Dungeon (3/15)

Altars:

Annotations:
D:3 Sigmund, Terence


Innate Abilities, Weirdness & Mutations

You cannot wear most types of armour.
You are amphibious.
You can wear up to eight rings at the same time.
Your skin changes colour to match your surroundings (Stealth+).
Your rubbery body absorbs attacks. (AC +1, EV +1)
((You are camouflaged near water. (Stealth+)))
You have tentacles for arms and can constrict up to eight enemies at once.


Message History

You start resting.
Your foxfire dissipates!
You start resting.
A bullfrog comes into view.
A bullfrog is nearby!
Casting: Foxfire (safe; 4% risk of failure)
Confirm with . or Enter, or press ? or * to list all spells.
You conjure some foxfire!
The bullfrog gives a loud, deep croak!
The foxfire hits the bullfrog.
The bullfrog is moderately wounded.
The foxfire hits the bullfrog.
The bullfrog is heavily wounded.
Casting: Foxfire (safe; 4% risk of failure)
Confirm with . or Enter, or press ? or * to list all spells.
You conjure some foxfire!
The bullfrog closely misses you.
The foxfire hits the bullfrog.
The bullfrog is heavily wounded.
The foxfire hits the bullfrog.
The bullfrog is severely wounded.
The bullfrog hits you. x2
Casting: Foxfire (safe; 4% risk of failure)
Confirm with . or Enter, or press ? or * to list all spells.
You conjure some foxfire!
The bullfrog hits you.
The foxfire hits the bullfrog.
The bullfrog is almost dead.
The foxfire hits the bullfrog.
The bullfrog is almost dead.
The bullfrog misses you. The bullfrog closely misses you.
Casting: Foxfire (safe; 4% risk of failure)
Confirm with . or Enter, or press ? or * to list all spells.
You conjure some foxfire!
The bullfrog hits you!
* * * LOW HITPOINT WARNING * * *
The bullfrog hits you.
* * * LOW HITPOINT WARNING * * *
The bullfrog barely misses you.
Casting: Foxfire (safe; 4% risk of failure)
Confirm with . or Enter, or press ? or * to list all spells.
You conjure some foxfire!
The bullfrog hits you.
You die...

#.# #. §# #.# #. §#
#.###. §# #.....
### ##§# ###..> ...
.§.# #####.#.
#.##§.# #.......
#F#v.##.>###.###.#.
#v@§......##.# #...
#v######..##.# ###.
#.# #.# #. ..# #.#
## #.# #.# # .[.
#.# # ### #@# ####
.... ?...


You could see a bullfrog (ally target).

Vanquished Creatures
  3 gnolls (D:2)
  2 adders (D:2)
  2 bats
  5 endoplasms
  A giant cockroach (D:1)
  4 goblins
  2 hobgoblins (D:1)
  5 jackals
  7 kobolds
  A quokka (D:2)
  2 ball pythons (D:1)
  3 frilled lizards
  22 rats
59 creatures vanquished.

Vanquished Creatures (others)
  173 foxfires
173 creatures vanquished.

Grand Total: 232 creatures vanquished

Notes
Turn   | Place    | Note
-------+----------+-------------------------------------------
     0 | D:1      | reriks the Octopode Fire Elementalist began the quest for
                  | the Orb.
     0 | D:1      | Reached XP level 1. HP: 11/11 MP: 3/3
  1167 | D:1      | Reached XP level 2. HP: 17/17 MP: 3/5
  2442 | D:2      | Reached XP level 3. HP: 13/21 MP: 2/6
  3238 | D:2      | Reached XP level 4. HP: 12/27 MP: 1/7
  5539 | D:3      | Noticed Sigmund
  5782 | D:3      | Found a faded altar of an unknown god.
  5939 | D:3      | Noticed Terence
  6074 | D:3      | Noticed a bullfrog
  6083 | D:3      | Slain by a bullfrog

Illustrated notes

Levels and vault maps discovered:
D:1:      dpeg_arrival_lava_altar, layout_loops_ring
D:2:      layout_basic, grunt_ministairs_10, minmay_rat_hole
D:3:      layout_loops_ring, serial_shops, shop_statue,
          chequers_ecumenical_altar_twisty, kennysheep_generic_room_12,
          uniq_natasha, uniq_terence, uniq_grinder, uniq_sigmund

Skill      XL: |  1  2  3 |
---------------+----------+-----
Stealth        | 3 |  3.0
Conjurations   | 2 |  2.3
Dodging        | |  2.6
Spellcasting   | |  2.9
Fire Magic     | |  3.7

Action                   |  1- 3 |  4- 6 || total
-------------------------+-------+-------++-------
Melee: Quarterstaff      |     2 |     4 ||     6
       Constrict         |     1 |     1 ||     2
 Cast: Foxfire           |    54 |    56 ||   110
Armor: Skin              |     1 |     4 ||     5
Dodge: Dodged            |    13 |    10 ||    23

Table legend: (Time is in decaauts)
 A = Elapsed time spent in this place.
 B = Non-inter-level travel time spent in this place.
 C = Inter-level travel time spent in this place.
 D = Time resting spent in this place.
 E = Time spent auto-exploring this place.
 F = Levels seen in this place.
 G = Mean time per level.
                   A        B        C        D        E       F      G
               +--------+--------+--------+--------+--------+-----+--------+
         Total |   6085 |   5940 |    145 |   3942 |   1444 |   3 | 2028.3 |
       Dungeon |   6085 |   5940 |    145 |   3942 |   1444 |   3 | 2028.3 |
               +--------+--------+--------+--------+--------+-----+--------+

Top non-repeatable levels by time:
     D:2: 3051 daAuts
     D:1: 2419 daAuts
     D:3: 614 daAuts
